 Dungeon Crawl Stone Soup version 0.30-a0-1066-g63dfefce0d (webtiles) character file.

Game seed: 4509503066468698461

2913 dracfodder the Covert (level 9, -3/54 (59) HPs)
             Began as an Octopode Brigand on Apr 12, 2023.
             Was an Initiate of Hepliaklqana.
             Slain by a wight
             ... wielding a +0 spear
              (9 damage)
             ... on level 7 of the Dungeon.
             The game lasted 00:47:00 (6939 turns).

dracfodder the Covert (Octopode Brigand)            Turns: 6939, Time: 00:47:00

HP:   -3/54 (59)    AC:  1    Str: 11    XL:     9   Next: 78%
MP:   13/13         EV: 20    Int: 15    God:    Hepliaklqana [......]
Gold: 59            SH:  0    Dex: 21    Spells: 9/13 levels left

rFire   . . .      SeeInvis +    b - +10 hand axe of Uresem {holy, rPois rN+ Will- SInv Stlth+}
rCold   . . .      Faith    .    (no shield)
rNeg    + . .      Spirit   .    (helmet restricted)
rPois   +          Reflect  .    (no amulet)
rElec   .          Rampage  .    e - +5 ring of evasion
rCorr   +                        f - +6 ring of dexterity
Will    .....                    v - ring of resist corrosion
Stlth   +++++++                  (no ring)
HPRegen 0.29/turn                (no ring)
MPRegen 0.13/turn                (no ring)
                                 (no ring)
                                 (no ring)

@: drained
A: almost no armour, amphibious, 8 rings, camouflage 1, gelatinous body 1,
(nimble swimmer 1), tentacles
a: Renounce Religion


You were on level 7 of the Dungeon.
You worshipped Hepliaklqana.
Hepliaklqana was noncommittal.
You visited 1 branch of the dungeon, and saw 7 of its levels.

You collected 426 gold pieces.
You spent 367 gold pieces at shops.

Inventory:

Hand Weapons
 a - the +10 short sword of Destiny {freeze, rPois}
   (You found it on level 4 of the Dungeon)

   rPois:     It protects you from poison.
 b - the +10 hand axe of Uresem (weapon) {holy, rPois rN+ Will- SInv Stlth+}
   (You found it on level 4 of the Dungeon)

   rPois:     It protects you from poison.
   rN:        It protects you from negative energy.
   SInv:      It lets you see invisible.
   Will:      It decreases your willpower.
   Stlth:     It makes you more stealthy.
 i - a +3 dagger
 u - the +4 dagger "Lusehati" {elec, *Rage Int+4}
   (You bought it in a shop on level 3 of the Dungeon)

   Int:       It affects your intelligence (+4).
   *Rage:     It berserks you when you make melee attacks (+20% chance).
 x - a +0 falchion of flaming
 A - the +5 falchion of Forgiveness {heavy, Int+4}
   (You bought it in a shop on level 7 of the Dungeon)

   Int:       It affects your intelligence (+4).
Missiles
 c - 3 curare-tipped darts
 d - 2 throwing nets
 w - 18 poisoned darts (quivered)
Armour
 r - a +1 tower shield
Jewellery
 e - a +5 ring of evasion (left tentacle)
 f - a +6 ring of dexterity (right tentacle)
 j - a ring of fire
 v - a ring of resist corrosion (on tentacle)
 C - a +6 ring of dexterity
Wands
 l - a wand of polymorph (6)
Scrolls
 n - a scroll of teleportation
 p - 3 scrolls of magic mapping
 q - 2 scrolls of enchant weapon
 y - a scroll of blinking
 B - a scroll of brand weapon {unknown}
Potions
 g - a potion of haste {unknown}
 h - a potion of lignification
 k - 3 potions of curing
 m - 2 potions of magic
 o - 4 potions of brilliance
 s - 2 potions of mutation {unknown}
 t - a potion of might {unknown}
 z - 2 potions of attraction {unknown}


   Skills:
 + Level 4.4 Fighting
 + Level 6.3 Short Blades
 + Level 0.9 Axes
 + Level 5.5 Throwing
 + Level 4.0 Dodging
 + Level 10.8 Stealth
 + Level 2.9 Spellcasting
 + Level 3.3 Translocations
 + Level 0.1 Air Magic
 * Level 2.6 Invocations


You had 9 spell levels left.
You knew the following spells:

 Your Spells              Type           Power      Damage    Failure   Level
a - Apportation           Tloc           24%        N/A       5%          1
b - Vhi's Electric Charg  Tloc/Air       14%        N/A       30%         3

Your spell library contained the following spells:

 Spells                   Type           Power      Damage    Failure   Level
 Beastly Appendage        Tmut           4%         N/A       21%         1
 Kiss of Death            Conj/Necr      8%         2d6       21%         1
 Necrotise                Necr           8%         1d4       21%         1
 Sandblast                Erth           4%         2d4       21%         1
 Summon Small Mammal      Summ           8%         N/A       21%         1
 Passwall                 Tmut/Erth      1%         N/A       30%         2
 Wereblood                Tmut           2%         N/A       30%         2
 Confusing Touch          Hex            2%         N/A       52%         3
 Spider Form              Tmut/Pois      2%         N/A       52%         3
 Stone Arrow              Conj/Erth      4%         3d7       52%         3
 Dispel Undead            Necr           2%         3d7       90%         4
 Arcjolt                  Conj/Air       1%         1d11      99%         5
 Plasma Beam              Fire/Air       1%         2x1d12    100%        6


Dungeon Overview and Level Annotations

Branches:
Dungeon (7/15)             Temple (0/1) D:5

Altars:
Fedhas
Hepliaklqana
Makhleb
Nemelex Xobeh
Trog
Vehumet
Wu Jian
Xom
Yredelemnul
Zin

Shops:
D:3 (   D:7 (


Innate Abilities, Weirdness & Mutations

You cannot wear most types of armour.
You are amphibious.
You can wear up to eight rings at the same time.
Your skin changes colour to match your surroundings (Stealth+).
Your rubbery body absorbs attacks. (AC +1, EV +1)
((You are camouflaged when in or above water. (Stealth+)))
You have tentacles for arms and can constrict up to eight enemies at once.


Message History

The wight hits you from afar with a +0 trident.
You partially resist.
You feel drained. The wight closely misses you.
You slash the wight!
The wight convulses!
You grab the wight.
The wight is almost destroyed.
You hit the wight.
The wight convulses.
You constrict the wight, but do no damage.
The wight closely misses you.
The wight hits you with a +3 dire flail!
You slash the wight!
You destroy the wight!
You hit the wight but do no damage.
The wight hits you with a +3 dire flail!
The wight barely misses you.
Your life force feels restored.
You hit the wight but do no damage. You grab the wight. You squeeze the wight.
The wight is moderately damaged.
You constrict the wight, but do no damage.
The wight hits you from afar with a +0 spear.
You partially resist.
You feel drained. The wight misses you.
You are too injured to fight recklessly!
You are too injured to fight recklessly!
You hit the wight.
The wight convulses.
You squeeze the wight, but do no damage.
The wight is severely damaged.
You constrict the wight, but do no damage.
The wight hits you from afar with a +0 spear!
* * * LOW HITPOINT WARNING * * *
You partially resist.
You feel drained.
* * * LOW HITPOINT WARNING * * *
The wight closely misses you.
You feel better.
You constrict the wight. The wight barely misses you.
The wight hits you with a +3 dire flail!
* * * LOW HITPOINT WARNING * * *
You partially resist.
You feel drained.
* * * LOW HITPOINT WARNING * * *
You hit the wight.
You destroy the wight!
The wight hits you from afar with a +0 spear!
You die...

#>. ##.# #... ##..#
#...################
#...................
#...###########.....
#.........####......
#..@......#......(..
#.))......#.##......
.....z......#.##......
#.......#######.##......
#....../. #.##......
#.......# #.##......
#####...# #^##......
##### #.##.##### ...#.#


You could see a wight.

Vanquished Creatures
  Maggie (D:7)
  A hornet (D:7)
  Eustachio (D:6)
  Menkaure (D:6)
  Edmund (D:5)
  Duvessa (D:7)
  A black bear (D:3)
  2 ice beasts
  An ogre (D:7)
  2 phantoms
  A scorpion (D:5)
  A gnoll sergeant (D:7)
  2 wights (D:7)
  Dowan (D:7)
  6 killer bees (D:7)
  2 howler monkeys (D:6)
  6 orc priests
  2 sleepcaps
  A gnoll bouda (D:6)
  A hound (D:5)
  Jessica (D:2)
  3 orc wizards
  Natasha (D:2)
  3 iguanas
  Robin (D:2)
  22 gnolls
  2 adders
  An ufetubus (D:3)
  2 worms
  3 dart slugs
  26 orcs
  7 ball pythons
  4 bats
  5 endoplasms
  2 giant cockroaches
  12 hobgoblins
  2 jackals (D:3)
  6 quokkas
  3 frilled lizards (D:3)
  17 goblins
  8 kobolds
  8 rats
174 creatures vanquished.

Notes
Turn   | Place    | Note
-------+----------+-------------------------------------------
     0 | D:1      | dracfodder the Octopode Brigand began the quest for the
                  | Orb.
     0 | D:1      | Reached XP level 1. HP: 14/14 MP: 1/1
   117 | D:1      | Reached XP level 2. HP: 19/19 MP: 2/2
   168 | D:1      | Reached skill level 6 in Stealth
   510 | D:1      | Reached XP level 3. HP: 16/24 MP: 3/3
  1030 | D:2      | Reached XP level 4. HP: 29/29 MP: 4/4
  1185 | D:2      | Noticed Robin
  1199 | D:2      | Reached skill level 7 in Stealth
  1203 | D:2      | Killed Robin
  1337 | D:2      | Noticed Natasha
  1346 | D:2      | Killed Natasha
  1347 | D:2      | Reached XP level 5. HP: 26/35 MP: 5/5
  1693 | D:2      | Noticed Jessica
  1700 | D:2      | Killed Jessica
  2467 | D:3      | Found Tygodenel's Antique Weapon Boutique.
  2658 | D:4      | Noticed a black bear
  2673 | D:3      | Killed a black bear
  2674 | D:3      | Reached XP level 6. HP: 17/41 MP: 6/6
  2676 | D:3      | Reached skill level 8 in Stealth
  3042 | D:4      | Reached XP level 7. HP: 30/45 MP: 7/7
  3059 | D:5      | Entered Level 5 of the Dungeon
  3114 | D:5      | Found a staircase to the Ecumenical Temple.
  3360 | D:5      | Found a shimmering altar of Xom.
  3493 | D:5      | Noticed Edmund
  3511 | D:5      | Killed Edmund
  3909 | D:3      | Bought a bone dagger for 175 gold pieces
  3909 | D:3      | Identified the +4 dagger "Lusehati" {elec, *Rage Int+4}
                  | (You bought it in a shop on level 3 of the Dungeon)
  3914 | D:3      | Learned a level 1 spell: Apportation
  3918 | D:3      | Learned a level 3 spell: Vhi's Electric Charge
  3974 | D:4      | Found an ornate altar of the Wu Jian Council.
  4188 | D:4      | Identified the +10 short sword of Destiny {freeze, rPois}
  4192 | D:4      | Found a burning altar of Makhleb.
  4210 | D:4      | Found a glowing silver altar of Zin.
  4210 | D:4      | Noticed an angel
  4210 | D:4      | Noticed a green death
  4278 | D:4      | Identified the +10 hand axe of Uresem {holy, rPois rN+
                  | Will- SInv Stlth+}
  4356 | D:4      | Found a blossoming altar of Fedhas.
  4567 | D:5      | Found a bloodstained altar of Trog.
  4681 | D:5      | Found a hazy altar of Hepliaklqana.
  4687 | D:5      | Became a worshipper of Hepliaklqana the Forgotten
  4870 | D:6      | Reached XP level 8. HP: 52/52 MP: 9/9
  4898 | D:6      | Reached skill level 1 in Translocations
  4906 | D:6      | Identified the +0 ring mail of Tonewurgh {Str+3 Dex+3}
  5044 | D:6      | Reached skill level 1 in Spellcasting
  5080 | D:6      | Reached skill level 5 in Short Blades
  5080 | D:6      | Reached skill level 9 in Stealth
  5232 | D:6      | Found a radiant altar of Vehumet.
  5284 | D:6      | Noticed Menkaure
  5294 | D:6      | Killed Menkaure
  5455 | D:6      | Noticed Eustachio
  5461 | D:6      | Killed Eustachio
  5576 | D:6      | Found a sparkling altar of Nemelex Xobeh.
  5742 | D:6      | Found a basalt altar of Yredelemnul.
  6173 | D:7      | Found Utaddiwk's Antique Weapon Emporium.
  6177 | D:7      | Reached skill level 10 in Stealth
  6182 | D:7      | Reached XP level 9. HP: 51/58 MP: 7/11
  6218 | D:7      | Bought a warped falchion for 192 gold pieces
  6218 | D:7      | Identified the +5 falchion of Forgiveness {heavy, Int+4}
                  | (You bought it in a shop on level 7 of the Dungeon)
  6563 | D:7      | Reached skill level 5 in Throwing
  6569 | D:7      | Reached skill level 1 in Invocations
  6643 | D:7      | Noticed Dowan
  6654 | D:7      | Noticed Duvessa
  6655 | D:7      | Killed Dowan
  6667 | D:7      | Killed Duvessa
  6681 | D:7      | Noticed Maggie
  6684 | D:7      | Noticed a hornet
  6694 | D:7      | Killed Maggie
  6698 | D:7      | Killed a hornet
  6939 | D:7      | Slain by a wight

Illustrated notes

Levels and vault maps discovered:
D:1:      sevenhm_arrival_forest_fort_large_2, layout_basic,
          grunt_decor_resistance, kennysheep_another_room,
          minmay_misc_feat_encased
D:2:      layout_loops_corners, serial_aquarium, aquarium_bridge_square
          [aquarium_subvault_bridge, aquarium_subvault_window,
          aquarium_subvault_bridge, aquarium_subvault_balcony],
          aquarium_bridge_square [aquarium_subvault_wall,
          aquarium_subvault_bridge, aquarium_subvault_wall,
          aquarium_subvault_bridge], aquarium_window_fake, aquarium_window_fake,
          aquarium_view_2c, aquarium_view_2a, aquarium_pool_corner,
          uniq_jessica, uniq_natasha, uniq_robin
D:3:      layout_basic, serial_shops, nicolae_lakefront_shop
D:4:      layout_rooms, grunt_temple_overflow_order_and_chaos_2,
          nicolae_wu_jian_immortal_techniques, fedhas_altar_fruit_tree
D:5:      layout_cave_pods, nicolae_hepliaklqana_hippocampus,
          nicolae_overflow_squiral, minmay_temple_entry_enclosed_plants,
          uniq_edmund
D:6:      layout_basic, lemuel_doored_altar, nemelex_altar_shiori,
          mainiacjoe_overflow_24_doors, serial_curves, eino_curves_02,
          eino_curves_01, minmay_misc_feat_rows, nrook_mini_backslash,
          uniq_menkaure, uniq_eustachio
D:7:      layout_basic, serial_shops, shop, palyth_stone_intersect,
          grunt_ministairs_12, lightli_church_of_beogh, uniq_crazy_yiuf_cottage,
          uniq_maggie, uniq_duvessa

Skill      XL: |  1  2  3  4  5  6  7  8  9 |
---------------+----------------------------+-----
Stealth        | 6 7 8 10 | 10.8
Throwing       | 3 4 5 |  5.5
Short Blades   | 3 4 5 6 |  6.3
Dodging        | 2 3 4 |  4.0
Fighting       | 3 4 |  4.4
Translocations | 2 3 |  3.3
Spellcasting   | 1 2 |  2.9
Invocations    | 2 |  2.6
Axes           | |  0.9
Air Magic      | |  0.1

Action                     |  1- 3 |  4- 6 |  7- 9 || total
---------------------------+-------+-------+-------++-------
  Melee: Dagger            |    43 |   119 |    42 ||   204
         Constrict         |     7 |    26 |    36 ||    69
         Tentacles         |     3 |    33 |    36 ||    72
         Punch             |       |     1 |     2 ||     3
         Short sword       |       |       |   102 ||   102
         Hand axe          |       |       |    13 ||    13
  Throw: Dart              |    31 |    26 |    42 ||    99
   Cast: Apportation       |       |       |    20 ||    20
         Vhi's Electric Ch |       |       |     2 ||     2
    Use: Scroll            |       |     6 |     8 ||    14
         Potion            |       |       |     6 ||     6
   Stab: Sleeping          |    13 |     9 |    18 ||    40
         Distracted        |     1 |       |       ||     1
         Invisible         |       |       |     4 ||     4
 Armour: Skin              |     1 |     2 |     3 ||     6
  Dodge: Dodged            |    22 |    68 |    85 ||   175

Table legend: (Time is in decaauts)
 A = Elapsed time spent in this place.
 B = Non-inter-level travel time spent in this place.
 C = Inter-level travel time spent in this place.
 D = Time resting spent in this place.
 E = Time spent auto-exploring this place.
 F = Levels seen in this place.
 G = Mean time per level.
                   A        B        C        D        E       F      G
               +--------+--------+--------+--------+--------+-----+--------+
         Total |   6864 |   6574 |    290 |   1149 |   4119 |   7 |  980.6 |
       Dungeon |   6864 |   6574 |    290 |   1149 |   4119 |   7 |  980.6 |
               +--------+--------+--------+--------+--------+-----+--------+

Top non-repeatable levels by time:
     D:6: 1252 daAuts
     D:2: 1184 daAuts
     D:5: 1173 daAuts
     D:1: 949 daAuts
     D:4: 832 daAuts
     D:7: 792 daAuts
     D:3: 679 daAuts
